Map: 시뮬레이크럼 - 래더

Players

lllllllllll (sOs)

  • Race: Protoss Protoss
  • League: Grandmaster
  • Spawn Location: 11:00

soO - Winner!

  • Race: Zerg Zerg
  • Spawn Location: 5:00

VOD

Have the link to the VOD?

Description

Time

  • Played on: Jan. 9, 2020, 9:10 a.m.
  • Length: 10:25
Show
View Real Time Build Order
Export as new Build Order

lllllllllll Protoss 

Build Orders: 1 Gate Expand, Dark Templar Rush 

Get SALT Encoding   

  12  0:00  Probe  
  13  0:12  Probe  
  14  0:17  Pylon  
  14  0:25  Probe (Chrono Boost)  
  15  0:37  Probe (Chrono Boost)  
  15  0:39  Gateway  
  16  0:44  Probe (Chrono Boost)  
  16  0:48  Assimilator  
  17  0:51  Probe  
  18  1:03  Probe  
  19  1:10  Pylon  
  19  1:15  Probe  
  20  1:32  Nexus  
  20  1:40  Cybernetics Core  
  20  1:44  Probe  
  21  1:49  Assimilator  
  21  1:56  Probe  
  22  2:02  Pylon  
  22  2:08  Probe  
  23  2:14  Adept (Chrono Boost)  
  23  2:16  Warp Gate  
  23  2:20  Probe  
  26  2:26  Twilight Council  
  26  2:32  Probe  
  26  2:36  Stalker  
  29  2:44  Probe x2 (Chrono Boost)  
  29  2:48  Pylon  
  31  2:53  Probe (Chrono Boost)  
  31  2:55  Probe (Chrono Boost)  
  33  2:59  Probe  
  33  3:03  Probe  
  35  3:09  Dark Shrine  
  35  3:12  Probe  
  36  3:19  Gateway  
  36  3:25  Probe  
  36  3:26  Probe  
  38  3:28  Gateway  
  38  3:32  Adept  
  40  3:36  Resonating Glaives  
  40  3:39  Probe (Chrono Boost)  
  42  3:42  Probe (Chrono Boost)  
  42  3:47  Assimilator  
  42  3:50  Assimilator  
  42  3:53  Probe (Chrono Boost)  
  44  3:58  Probe (Chrono Boost)  
  44  3:59  Pylon  
  44  4:01  Probe (Chrono Boost)  
  45  4:05  Probe  
  46  4:13  Probe  
  46  4:16  Adept x2  
  51  4:18  Pylon  
  51  4:23  Dark Templar  
  53  4:25  Probe x2  
  55  4:36  Dark Templar x2  
  59  4:57  Probe x2, Robotics Facility  
  61  5:08  Gateway  
  61  5:09  Gateway  
  61  5:11  Adept x3  
  61  5:12  Gateway  
  67  5:17  Pylon  
  67  5:18  Gateway  
  67  5:27  Probe x2  
  69  5:45  Adept x3  
  73  5:51  Probe  
  73  5:52  Probe  
  73  6:02  Warp Prism (Chrono Boost)  
  73  6:03  Probe  
  73  6:04  Probe  
  77  6:14  Pylon  
  77  6:20  Pylon  
  77  6:23  Blink  
  77  6:24  Nexus  
  77  6:26  Pylon  
  77  6:32  Immortal (Chrono Boost)  
  81  6:34  Stalker  
  81  6:35  Sentry  
  81  6:38  Pylon  
  85  6:41  Sentry x4  
  93  6:50  Probe x2  
  93  6:53  Pylon  
  95  6:55  Forge  
  95  6:59  Dark Templar  
  96  7:04  Stalker x4  
  104  7:18  Probe  
  104  7:19  Probe  
  104  7:25  Immortal (Chrono Boost)  
  104  7:28  Stalker x4  
  116  7:34  Protoss Ground Weapons Level 1 (Chrono Boost)  
  110  7:44  Adept  
  110  7:45  Adept  
  110  7:50  Shield Battery x2  
  114  7:52  Shield Battery  
  114  7:53  Shield Battery  
  114  8:00  Probe x2, Immortal (Chrono Boost)  
  114  8:01  Probe  
  121  8:06  Stalker  
  121  8:10  Pylon  
  119  8:17  Stalker x2  
  123  8:28  Immortal  
  123  8:32  Stalker x3  
  127  8:40  Probe x2  
  133  8:45  Stalker x3  
  138  8:56  Dark Templar, Zealot  
  97  9:32  Zealot x5  
Show
View Real Time Build Order
Export as new Build Order

soO Zerg - Winner!

Build Orders: Hatch First 

Get SALT Encoding   

  12  0:00  Drone  
  13  0:12  Overlord  
  13  0:16  Drone  
  14  0:30  Drone x2  
  16  0:48  Hatchery  
  15  0:51  Drone  
  15  0:54  Drone  
  17  0:58  Drone  
  18  1:08  Extractor  
  17  1:13  Spawning Pool  
  17  1:16  Drone  
  17  1:20  Drone  
  18  1:37  Drone  
  19  1:42  Drone  
  20  2:00  Queen x2  
  24  2:01  Zergling x2  
  24  2:05  Drone  
  26  2:11  Overlord  
  26  2:18  Metabolic Boost  
  26  2:21  Drone  
  27  2:24  Drone  
  28  2:30  Drone x2  
  28  2:33  Drone  
  28  2:36  Drone  
  32  2:50  Hatchery  
  31  2:54  Overlord  
  31  2:59  Drone x2  
  31  3:02  Drone  
  34  3:06  Drone x2  
  34  3:12  Queen  
  38  3:14  Drone  
  38  3:15  Drone  
  38  3:19  Drone x2  
  42  3:22  Drone  
  42  3:26  Drone  
  44  3:33  Overlord  
  44  3:38  Overlord  
  44  3:40  Lair  
  44  3:44  Roach Warren  
  43  3:48  Drone  
  43  3:50  Queen  
  43  3:52  Drone  
  43  3:53  Drone  
  43  3:55  Drone x2  
  50  3:56  Drone  
  50  3:58  Drone  
  50  4:01  Extractor  
  50  4:02  Drone  
  52  4:03  Extractor  
  52  4:04  Drone  
  52  4:14  Zergling x6  
  52  4:17  Overlord  
  55  4:18  Overlord  
  55  4:20  Overlord  
  55  4:29  Roach x5  
  65  4:38  Roach x3  
  71  4:42  Overseer  
  69  4:56  Zergling x4  
  69  4:57  Zergling x2  
  69  4:58  Drone x7  
  69  4:59  Drone x2  
  81  5:00  Drone  
  81  5:06  Glial Reconstitution  
  82  5:13  Drone  
  83  5:14  Drone x2  
  83  5:16  Hydralisk Den  
  83  5:19  Overseer, Drone x3  
  87  5:24  Overlord  
  87  5:26  Overseer  
  87  5:27  Drone x3  
  90  5:29  Overlord  
  90  5:32  Extractor  
  90  5:33  Extractor, Overlord  
  88  5:36  Overlord  
  88  5:40  Overlord  
  88  5:45  Overlord  
  88  5:46  Roach  
  88  5:47  Roach x2  
  89  5:50  Roach x2  
  89  5:53  Roach  
  92  5:57  Roach x2  
  91  6:06  Drone x3  
  91  6:07  Drone x3  
  97  6:14  Roach x4  
  97  6:17  Grooved Spines  
  105  6:21  Overlord  
  105  6:26  Overlord  
  105  6:30  Hydralisk  
  105  6:31  Hydralisk x3  
  113  6:35  Hydralisk  
  113  6:36  Overlord  
  113  6:38  Overlord  
  115  6:40  Hydralisk  
  115  6:43  Hydralisk  
  115  6:45  Overlord  
  119  6:48  Hydralisk  
  119  6:52  Hydralisk  
  123  6:55  Hydralisk  
  125  7:01  Hydralisk  
  125  7:02  Overlord  
  125  7:06  Overlord  
  124  7:19  Roach x8  
  140  7:23  Roach x2  
  144  7:35  Overseer  
  142  7:37  Roach x7  
  156  7:46  Overseer  
  156  7:47  Roach x3  
  156  7:48  Roach  
  164  7:54  Ravager  
  164  7:55  Zergling x10  
  159  8:16  Ravager  
  159  8:17  Zergling x14, Ravager  
  159  8:19  Roach  
  170  8:22  Zergling x8  
  172  8:32  Drone x2  
  172  8:36  Ravager x2  
  172  8:37  Roach x2, Ravager, Zergling x4  
  181  8:45  Overlord  
  181  8:46  Ravager  
  182  8:49  Zergling x4  
  182  8:55  Roach  
  186  9:02  Roach  
  184  9:03  Zergling x4  
  184  9:04  Overlord  
  184  9:06  Zergling x8  
  184  9:11  Roach  
  184  9:13  Roach  
  184  9:14  Roach  
  164  9:26  Roach x3  
  164  9:27  Roach x2  
  167  9:36  Roach  
  167  9:37  Roach x4  
  173  9:39  Roach x2  
  173  9:43  Roach  
  165  9:45  Roach  
  165  9:50  Roach  
  165  9:51  Roach  
  156  9:53  Roach  
  156  9:56  Roach  
Tags
 
Add a new tag
Caveats
  • Supply blocks, unpowered buildings, or Contaminate may cause inaccurate times.
  • Supply counts are checked every 10 seconds.